 Dungeon Crawl Stone Soup version 0.28.0 (webtiles) character file.

Game seed: 14622571063633382734

7670 RighteousDevil the Fencer (level 10, -19/91 HPs)
             Began as a Minotaur Gladiator on Feb 14, 2022.
             Was a Priest of Yredelemnul.
             Demolished by a white ugly thing (35 damage)
             ... on level 10 of the Dungeon.
             The game lasted 00:19:50 (11878 turns).

RighteousDevil the Fencer (Minotaur Gladiator)     Turns: 11878, Time: 00:19:51

Health: -19/91     AC:  9    Str: 22    XL:     10   Next: 99%
Magic:  9/9        EV: 11    Int:  5    God:    Yredelemnul [***...]
Gold:   391        SH:  7    Dex: 13    Spells: 9/9 levels left

rFire   + . .      SeeInvis +   a - +0 scimitar (venom)
rCold   . . .      Faith    .   j - +0 buckler
rNeg    . . .      Spirit   .   t - +0 swamp dragon scales
rPois   +          Reflect  .   (helmet unavailable)
rElec   .          Harm     .   (no cloak)
rCorr   .          Rampage  .   (no gloves)
Will    .....                   (no boots)
Stlth   +.........              (no amulet)
HPRegen 0.25/turn               h - ring of protection from fire
MPRegen 0.11/turn               l - ring of see invisible

@: no status effects
A: horns 3, retaliatory headbutt, large bone plates 1
a: Renounce Religion, Recall Undead Harvest, Dark Bargain


You were on level 10 of the Dungeon.
You worshipped Yredelemnul.
Yredelemnul was noncommittal.
You visited 2 branches of the dungeon, and saw 11 of its levels.

You collected 571 gold pieces.
You spent 180 gold pieces at shops.

Inventory:

Hand Weapons
 a - a +0 scimitar of venom (weapon)
 b - the +12 glaive of Prune {vorpal}
   (You found it on level 7 of the Dungeon)

   It inflicts extra damage upon your enemies.
   It halves damage taken while paralysed, petrified or unconscious.
Armour
 c - a +1 hat
 j - a +0 buckler (worn)
 t - +0 swamp dragon scales (worn)
Jewellery
 h - a ring of protection from fire (left hand)
 k - a ring of poison resistance
 l - a ring of see invisible (right hand)
 o - a ring of ice
 x - a ring of ice
Wands
 e - a wand of digging (7)
 m - a wand of iceblast (15)
 p - a wand of acid (4)
 q - a wand of mindburst (11)
 r - a wand of polymorph (9)
Scrolls
 i - 2 scrolls of magic mapping
 u - a scroll of summoning
 y - a scroll of teleportation
Potions
 f - 2 potions of mutation
 g - 2 potions of might
 n - 2 potions of ambrosia
 s - a potion of heal wounds
 v - 2 potions of magic
 w - a potion of curing
 z - 3 potions of invisibility
 B - 2 potions of berserk rage


   Skills:
 - Level 9.2 Fighting
 - Level 15.0 Long Blades
 + Level 8.2 Polearms
 - Level 2.0 Throwing
 - Level 6.5 Armour
 - Level 3.2 Dodging


You had 9 spell levels left.
You didn't know any spells.
Your spell library contained the following spells:

 Spells                   Type           Power      Damage    Failure   Level
 Ensorcelled Hibernation  Hex/Ice        0%         N/A       86%         2
 Passwall                 Tmut/Erth      0%         N/A       86%         2
 Scorch                   Fire           0%         2d5       86%         2
 Dazzling Flash           Conj/Hex       0%         N/A       98%         3
 Swiftness                Air            0%         N/A       98%         3
 Flame Wave               Conj/Fire      0%         2d4       100%        4
 Iskenderun's Mystic Bla  Conj/Tloc      0%         2d3       100%        4
 Starburst                Conj/Fire      0%         6d3       100%        6
 Summon Cactus Giant      Summ           0%         N/A       100%        6


Dungeon Overview and Level Annotations

Branches:
Dungeon (10/15)            Temple (1/1) D:4
   Lair: D:8-11         Orc: D:9-12

Altars:
Ashenzari
Gozag
Kikubaaqudgha
Okawaru
Ru
Vehumet
Yredelemnul

Shops:
D:4 *   D:6 =   D:8 (   D:9 *(


Innate Abilities, Weirdness & Mutations

You have a pair of large horns on your head.
You reflexively headbutt those who attack you in melee.
You are partially covered in large bone plates. (SH +4)


Message History

Something smites you! The white ugly thing pecks you.
The white ugly thing freezes you!!
You hear a deafening roar!
You hit the white ugly thing but do no damage.
You headbutt the white ugly thing!
The white ugly thing is lightly wounded.
The meliai mumbles some strange prayers to its god against you.
Something smites you! The white ugly thing misses you. You furiously retaliate!
You headbutt the white ugly thing.
You hear an angry growl.
You barely miss the meliai. Your headbutt misses the meliai.
The meliai hits you with a +0 vampiric hand axe.
The meliai stings you but does no damage.
The white ugly thing pecks you. The white ugly thing freezes you!
* * * LOW HITPOINT WARNING * * *
Unknown command.
You swap places.
The meliai hits your orc zombie with a +0 vampiric hand axe!
Your orc zombie is destroyed!
Unknown command.
You feel much better. The meliai closely misses you. You furiously retaliate!
You headbutt the meliai!! The meliai barely misses you.
The meliai closely misses you. You block the meliai's attack.
Unknown command.
Throw: throwing net
Press: ? - help, Q - select action, (/) - cycle Shift-Dir - straight line, f - meliai
Aim: a meliai, wielding a +0 vampiric hand axe and wearing a +0 robe (almost dead, 50% to hit)
You throw a throwing net.
The throwing net closely misses the meliai.
The meliai hits you with a +0 vampiric hand axe!
The meliai draws strength from your wounds!
The meliai closely misses you.
The meliai hits you with a +0 vampiric hand axe!
* * * LOW HITPOINT WARNING * * *
The meliai stings you but does no damage.
The white ugly thing pecks you!
* * * LOW HITPOINT WARNING * * *
The white ugly thing freezes you!!
You die...
Your body rises from the dead as a mindless zombie.

##..Z######### ..# ###
#.....Z...#..###...###.#
#.#######......###(....#
# #. #........###...### #
#Z........)###...#
#Z#........)..##..
#Z#ZZ......###....
#Z#......###......
.###'###@#....###........
.......yu#..### ....###..
#####..o##### .........
#.(#.. #####.... #.#.#.##
###<. #. . ..# #.. #. #.
#.# ### # . .## # .# . #


You could see an orc knight, a white ugly thing (ally target), a meliai, a
friendly manticore zombie, a friendly kobold demonologist zombie, a friendly orc
warrior zombie and a friendly orc wizard zombie.

Vanquished Creatures
  A hydra (D:7)
  A two-headed ogre (D:6)
  Pikel (D:6)
  A manticore (D:10)
  Maggie (D:6)
  A kobold demonologist (D:10)
  A shadow (D:9)
  A wyvern (D:9)
  3 yaks (D:8)
  2 steam dragons (D:6)
  A vampire mosquito (D:10)
  Edmund (D:6)
  Menkaure (D:4)
  A water moccasin (D:6)
  6 orc warriors
  2 ogres
  A sky beast (D:5)
  2 necrophages
  3 centaurs
  2 lemures (D:6)
  2 phantoms
  3 kobold brigands
  2 bullfrogs
  2 gnoll sergeants
  A wyvern zombie (D:6)
  A scorpion (D:7)
  6 killer bees (D:6)
  7 wights
  3 howler monkeys (D:9)
  2 bullfrog zombies (D:5)
  3 centaur zombies
  A human zombie (D:5)
  6 orc priests
  A hound (D:7)
  2 jellies
  5 orc wizards
  A killer bee zombie (D:8)
  A hound zombie (D:5)
  A hound skeleton (D:4)
  A mummy (D:5)
  4 adders
  5 gnolls
  A shadow imp (D:4)
  A white imp (D:8)
  2 ufetubi (D:5)
  An adder zombie (D:5)
  2 worms
  2 dart slugs
  29 orcs
  2 bats
  4 endoplasms
  6 giant cockroaches
  9 goblins
  3 hobgoblins
  9 jackals
  17 kobolds
  3 quokkas
  6 ball pythons
  3 frilled lizards (D:2)
  An orc zombie (D:8)
  3 rats (D:1)
197 creatures vanquished.

Vanquished Creatures (collateral kills)
  A yak (D:8)
  A wyvern zombie (D:7)
  An orc wizard (D:4)
  A mummy (D:5)
  5 orcs
  An endoplasm (D:1)
  2 hobgoblins
  A kobold (D:9)
13 creatures vanquished.

Vanquished Creatures (others)
  A bullfrog zombie (D:8)
  A centaur zombie (D:7)
  A scorpion zombie (D:7)
  An ogre zombie (D:4)
  A hound zombie (D:7)
  2 steam dragon zombies (D:6)
  18 orc zombies
  A spectral shadow imp (D:4)
  A spectral white imp (D:8)
  2 bat zombies (D:1)
  A ball python zombie (D:4)
  2 giant cockroach zombies (D:4)
  2 gnoll zombies (D:8)
  2 goblin zombies (D:4)
  2 jackal zombies (D:4)
  7 kobold zombies
  A quokka zombie (D:1)
  2 fungi (D:1)
  2 plants (D:1)
50 creatures vanquished.

Grand Total: 260 creatures vanquished

Notes
Turn   | Place    | Note
-------+----------+-------------------------------------------
     0 | D:1      | RighteousDevil the Minotaur Gladiator began the quest for
                  | the Orb.
     0 | D:1      | Reached XP level 1. HP: 18/18 MP: 0/0
    44 | D:1      | Found a faded altar of an unknown god.
    48 | D:1      | Reached skill level 4 in Long Blades
    54 | D:1      | Prayed at the altar of an unknown god.
    54 | D:1      | Became a worshipper of Yredelemnul the Dark
    54 | D:1      | Reached * piety under Yredelemnul
   323 | D:1      | Reached XP level 2. HP: 14/25 MP: 1/1
  1173 | D:1      | Reached skill level 5 in Long Blades
  1482 | D:2      | Reached XP level 3. HP: 30/30 MP: 2/2
  1831 | D:2      | Found an ancient bone altar of Kikubaaqudgha.
  1858 | D:2      | Reached ** piety under Yredelemnul
  2389 | D:3      | You fall into a shaft and drop 1 floor!
  2397 | D:4      | Noticed an ogre
  2404 | D:4      | Killed an ogre
  2405 | D:4      | Reached skill level 7 in Long Blades
  2405 | D:4      | Reached XP level 4. HP: 9/37 MP: 3/3
  2405 | D:4      | Reached XP level 5. HP: 10/42 MP: 4/4
  2647 | D:4      | Found a broken altar of Ashenzari.
  2813 | D:4      | Found Gaaziliph's Overcharged Wands.
  2993 | D:4      | Reached skill level 8 in Long Blades
  3095 | D:4      | Noticed a phantom
  3223 | D:4      | Found an iron altar of Okawaru.
  3284 | D:4      | Found a radiant altar of Vehumet.
  3375 | D:4      | Killed a phantom
  3376 | D:4      | Reached XP level 6. HP: 13/50 MP: 5/5
  3888 | D:4      | Found a staircase to the Ecumenical Temple.
  3888 | D:4      | Noticed Menkaure
  3896 | D:4      | Killed Menkaure
  3897 | D:4      | Reached skill level 9 in Long Blades
  4258 | Temple   | Entered the Ecumenical Temple
  4297 | D:5      | Entered Level 5 of the Dungeon
  4398 | D:5      | Reached XP level 7. HP: 36/56 MP: 6/6
  4655 | D:5      | Reached skill level 10 in Long Blades
  5493 | D:5      | Found an opulent altar of Gozag.
  5759 | D:5      | Found a basalt altar of Yredelemnul.
  5768 | D:5      | Reached skill level 11 in Long Blades
  5793 | D:5      | Reached XP level 8. HP: 50/62 MP: 7/7
  5815 | D:5      | Reached skill level 12 in Long Blades
  6116 | D:6      | Reached skill level 13 in Long Blades
  6479 | D:6      | Reached skill level 14 in Long Blades
  6551 | D:6      | Noticed a two-headed ogre
  6568 | D:6      | Killed a two-headed ogre
  6569 | D:6      | Reached skill level 15 in Long Blades
  6569 | D:6      | Reached XP level 9. HP: 18/68 MP: 8/8
  6888 | D:6      | Found Hefel's Jewellery Shoppe.
  6891 | D:6      | Bought a ring of see invisible for 180 gold pieces
  7008 | D:6      | Noticed Pikel
  7027 | D:6      | Killed Pikel
  7207 | D:6      | Gained mutation: You are partially covered in large bone
                  | plates. (SH +4) [potion of mutation]
  7207 | D:6      | Gained mutation: You have a pair of large horns on your
                  | head. [potion of mutation]
  7224 | D:6      | Reached skill level 5 in Fighting
  7495 | D:6      | Noticed Edmund
  7498 | D:6      | Noticed Maggie
  7504 | D:6      | Killed Edmund
  7510 | D:6      | Killed Maggie
  7511 | D:6      | Reached skill level 5 in Armour
  7593 | D:6      | Found an ancient bone altar of Kikubaaqudgha.
  8031 | D:7      | Found the +12 glaive of Prune {vorpal}
  8246 | D:7      | Reached skill level 1 in Polearms
  8246 | D:7      | Reached XP level 10. HP: 63/84 MP: 9/9
  8348 | D:7      | Noticed a four-headed hydra
  8362 | D:7      | Killed a six-headed hydra
  9004 | D:8      | Found Pinawkaolit's Antique Weapon Emporium.
  9961 | D:9      | Reached skill level 5 in Polearms
  9967 | D:9      | Noticed a two-headed ogre
 10003 | D:9      | Found Orokishro's Fire Supplies.
 10521 | D:9      | Found Reull's Antique Weapon Shop.
 11627 | D:10     | Entered Level 10 of the Dungeon
 11657 | D:10     | Noticed a manticore
 11668 | D:10     | Killed a manticore
 11694 | D:10     | Reached *** piety under Yredelemnul
 11872 | D:10     | Noticed an orc knight
 11872 | D:10     | Noticed a white ugly thing
 11878 | D:10     | Demolished by a white ugly thing

Illustrated notes

Levels and vault maps discovered:
D:1:      dpeg_arrival_renting, layout_loops_corners,
          dreamdust_ecumenical_altar_hidden_monk_grotto, minivault_19,
          corexii_item_surrounded_by_moat
D:2:      layout_rooms, basic_altar, kennysheep_generic_room_13
D:3:      minmay_general_purpose_star, layout_loops_cross,
          serial_co_window_serial, co_window_corner_a,
          co_window_of_opportunity_a, co_window_paths_b,
          co_window_of_opportunity_a, co_window_paths_a, co_window_broadway_c,
          co_window_cross_3, co_window_broadway_a, co_window_paths_c,
          co_window_unsneaky_path_d, co_window_paths_d, co_window_paths_e,
          glass_columns_c, glass_columns_a, glass_columns_a, glass_columns_a,
          grunt_ministairs_3
D:4:      layout_loops_ring, old_standard_altar, mainiacjoe_overflow_alcove_4,
          overflow_temple_1_default, minmay_temple_entry_poolview,
          portal_sewer_entry_f, minmay_door_square,
          nicolae_shop_overcharged_wands, uniq_menkaure
D:5:      layout_cave_pods, lemuel_mausoleum_altar_yredelemnul,
          nicolae_gozag_seed_capital
D:6:      layout_loops_ring, lemuel_coloured_pillars_altar, serial_shops,
          nicolae_shop_statue_plus, uniq_pikel, uniq_maggie, uniq_edmund
D:7:      layout_gridville
D:8:      layout_rooms, serial_shops, shop, dk_noncrumbling_3
D:9:      layout_loops_ring, serial_shops, nicolae_shop_waterfront,
          nicolae_shop_fire_sale [nicolae_sub_dead_trees]
D:10:     minmay_the_grid_four_pointed_star
          [minmay_the_grid_triangle_9x9_semitri,
          minmay_the_grid_triangle_9x9_steps,
          minmay_the_grid_triangle_9x9_corruption,
          minmay_the_grid_triangle_9x9_empty,
          minmay_the_grid_prize_shrinking_boxes], layout_rooms,
          dpeg_lair_monsters, nicolae_shop_gadgets, uniq_sonja
Temple:   nicolae_temple_elliptical

Skill      XL: |  1  2  3  4  5  6  7  8  9 10 |
---------------+-------------------------------+-----
Long Blades    | 4 5 7 8 9 11 15 | 15.0
Fighting       | 6 9 |  9.2
Armour         | 5 6 |  6.5
Polearms       | 1 8 |  8.2
Throwing       | |  2.0
Dodging        | |  3.2

Action                   |  1- 3 |  4- 6 |  7- 9 | 10-12 || total
-------------------------+-------+-------+-------+-------++-------
Melee: Long sword        |    68 |    76 |    38 |       ||   182
       Headbutt          |     6 |    11 |    52 |    35 ||   104
       Scimitar          |       |       |   190 |   188 ||   378
Throw: Throwing net      |     1 |       |     2 |     3 ||     6
Invok: Dark Bargain      |       |       |       |     1 ||     1
Evoke: Wand              |       |       |       |     6 ||     6
  Use: Potion            |     2 |     1 |     3 |     4 ||    10
       Scroll            |     4 |     4 |     6 |     6 ||    20
 Stab: Sleeping          |     1 |       |       |       ||     1
       Distracted        |     1 |       |       |     1 ||     2
       Held in net/web   |       |       |     1 |       ||     1
Armor: Leather armour    |     9 |       |       |       ||     9
       Ring mail         |     3 |    20 |     8 |       ||    31
       Chain mail        |       |       |    60 |       ||    60
       Swamp dragon scal |       |       |     2 |    31 ||    33
Dodge: Dodged            |    42 |    46 |    78 |    72 ||   238
Block: Buckler           |     1 |     7 |    50 |    50 ||   108
